 Dungeon Crawl Stone Soup version 0.28-a0-533-g9f97627e2a (webtiles) character file.

Game seed: 8045816841614306661

23907 miscthings the Thaumaturge (level 13, -5/90 HPs)
             Began as a Djinni Conjurer on Sept 26, 2021.
             Killed from afar by a frost giant (54 damage)
             ... with a bolt of cold
             ... on level 11 of the Dungeon.
             The game lasted 00:33:13 (12348 turns).

miscthings the Thaumaturge (Djinni Conjurer)       Turns: 12348, Time: 00:33:14

Health: -5/90      AC: 10    Str:  6    XL:     13   Next: 38%
Gold:   686        EV: 14    Int: 31    God:
                   SH:  5    Dex: 12

rFire   + + +      SeeInvis .   C - staff of cold
rCold   . . .      Faith    .   z - +0 buckler
rNeg    . . .      Spirit   .   F - +4 troll leather armour
rPois   ∞          Reflect  .   a - +0 helmet
rElec   .          Harm     .   H - +0 cloak "Muv Qoji" {rF+}
rCorr   .          Rampage  .   (no gloves)
Will    +....                   (boots unavailable)
Stlth   +.........              I - amulet of regeneration
HPRegen 2.25/turn               n - ring of protection from fire
MPRegen 0.00/turn               v - +6 ring of intelligence

@: flying
A: sickness immunity, fire resistance 2, cold vulnerability 1, float, innate
caster, hp casting, extra vitality 1
a: no special abilities


You were on level 11 of the Dungeon.
You visited 2 branches of the dungeon, and saw 14 of its levels.
You also visited: Sewer, Ossuary and Bailey.

You collected 791 gold pieces.
You spent 105 gold pieces at shops.

Inventory:

Missiles
 B - 4 throwing nets
Armour
 a - a +0 helmet (worn)
 z - a +0 buckler (worn)
 A - +0 acid dragon scales
 F - a +4 troll leather armour (worn)
 H - the +0 cloak "Muv Qoji" (worn) {rF+}
   (You found it in a bailey)

   rF:        It protects you from fire.
Magical Staves
 h - a staff of air
 l - a staff of earth
 x - a staff of death
 C - a staff of cold (weapon)
Jewellery
 g - a +6 ring of strength
 n - a ring of protection from fire (left hand)
 v - a +6 ring of intelligence (right hand)
 I - an amulet of regeneration (around neck)
Wands
 p - a wand of polymorph (9)
 r - a wand of paralysis (32)
 G - a wand of iceblast (8)
Scrolls
 c - a scroll of fear
 d - a scroll of fog
 e - a scroll of holy word {unknown}
 k - 4 scrolls of teleportation
 s - 2 scrolls of magic mapping
 y - 3 scrolls of blinking
 D - a scroll of silence
Potions
 b - a potion of lignification
 f - 2 potions of haste
 i - 3 potions of mutation
 m - 4 potions of attraction
 q - 3 potions of heal wounds
 t - 3 potions of curing
 u - 2 potions of brilliance
 w - 5 potions of might
 E - a potion of ambrosia
Miscellaneous
 J - a phantom mirror


   Skills:
 + Level 7.4 Fighting
 - Level 3.0 Armour
 + Level 8.6 Dodging
 - Level 1.5 Stealth
 + Level 6.8 Shields
 + Level 12.6 Spellcasting
 + Level 7.4 Evocations


You had 3 spell levels left.
You knew the following spells:

 Your Spells              Type           Power      Damage    Failure   Level
a - Searing Ray           Conj           100%       2d8       1%          2
b - Magic Dart            Conj           100%       1d8       1%          1
c - Dazzling Flash        Conj/Hex       100%       N/A       1%          3
d - Fulminant Prism       Conj/Hex       39%        3d18      1%          4
e - Iskenderun's Mystic   Conj/Tloc      78%        2d16      1%          4
f - Summon Small Mammal   Summ           100%       N/A       1%          1
g - Wereblood             Tmut           78%        N/A       1%          2
h - Lesser Beckoning      Tloc           78%        N/A       1%          3
i - Yara's Violent Unrav  Hex/Tmut       39%        3d16      1%          5
x - Irradiate             Conj/Tmut      39%        3d26      1%          5
z - Olgreb's Toxic Radia  Pois           78%        N/A       1%          4
Your spell library was empty.

Dungeon Overview and Level Annotations

Branches:
Dungeon (13/15)            Temple (1/1) D:5            Lair (0/6) D:11
    Orc (0/2) D:12          Sewer (visited)         Ossuary (visited)
 Bailey (visited)
 Vaults: D:13-14

Altars:
Ashenzari
Cheibriados
Dithmenos
Elyvilon
Fedhas
Gozag
Hepliaklqana
Kikubaaqudgha
Makhleb
Nemelex Xobeh
Okawaru
Qazlal
Ru
Sif Muna
Trog
Uskayaw
Vehumet
Wu Jian
Xom
Yredelemnul
Zin
The Shining One

Shops:
D:7 *   D:8 !

Annotations:
D:7 2 transporters, exclusion: oklob plant, MikuNakano's ghost, novice VSFi
D:10 2 transporters


Innate Abilities, Weirdness & Mutations

You are immune to sickness and miasma.
You are immune to poison.
Your flesh is very heat resistant. (rF++)
You are vulnerable to cold. (rC-)
You float through the air rather than walking.
You learn spells naturally, not from books.
Your magical power is your life essence.
You have superior vitality. (+4 HP)


Message History

You conjure a prism of explosive energy!
The frost giant shouts!
A fulminant prism comes into view.
Casting: Fulminant Prism (safe; 1% risk of failure)
Confirm with . or Enter, or press ? or * to list all spells.
Aiming: Fulminant Prism (safe; 1% risk of failure)
Press: ? - help, Dir - move target You conjure a prism of explosive energy!
A fulminant prism comes into view.
The frost giant gestures at you while chanting.
The bolt of cold hits your fulminant prism!!
Your fulminant prism resists.
The bolt of cold hits you!!!
Your fulminant prism crackles loudly.
The frost giant hits your fulminant prism with a +0 battleaxe of freezing!!
Your fulminant prism detonates feebly.
A bolt of electricity appears from out of your range of vision.
The bolt of electricity hits your fulminant prism.
Your fulminant prism resists.
Your fulminant prism explodes!
The blast of energy engulfs the frost giant!!
The frost giant is moderately wounded.
Casting: Fulminant Prism (safe; 1% risk of failure)
Confirm with . or Enter, or press ? or * to list all spells.
Aiming: Fulminant Prism (safe; 1% risk of failure)
Press: ? - help, Dir - move target You conjure a prism of explosive energy!
A fulminant prism comes into view.
The frost giant casts a spell at you. The bolt of cold misses you.
A bolt of electricity appears from out of your range of vision.
The bolt of electricity hits your fulminant prism.
Your fulminant prism resists.
The bolt of electricity hits your fulminant prism.
Your fulminant prism resists.
Your fulminant prism crackles loudly.
The frost giant casts a spell at you. The bolt of cold hits you!!!
Ouch! That really hurt!
You die...

≈≈≈≈≈≈≈≈.≈≈≈≈≈≈≈≈###
≈≈≈≈≈≈≈≈≈≈≈≈≈≈≈≈≈≈≈##
≈≈≈≈≈≈≈≈≈≈≈≈≈≈≈≈≈≈≈≈## ≈≈
≈≈≈≈≈≈≈≈≈≈≈≈≈≈≈≈≈≈≈≈≈ ≈≈C
≈≈≈≈≈≈≈≈≈≈≈≈≈≈≈≈≈≈# ≈≈≈
≈≈≈≈≈≈≈≈≈≈≈≈≈≈≈≈≈≈# #≈#
≈≈≈≈≈≈≈≈≈≈≈≈≈≈≈≈≈≈####..##
≈≈≈≈≈≈≈≈≈##≈≈≈≈≈≈≈#○○C...#
≈≈≈≈≈≈≈≈###≈≈≈≈≈@○○≈≈....#
≈≈≈≈≈≈≈≈# #≈≈≈≈##≈≈≈≈*..##
≈≈≈≈≈≈≈≈# ##≈.###≈≈≈##..#
≈≈≈≈≈≈≈≈# #### ##≈## ##
≈≈≈≈≈≈### ### ≈≈≈≈≈##
≈≈≈≈≈# ≈≈≈≈≈≈ #≈≈


You could see a frost giant and a friendly fulminant prism.

Vanquished Creatures
  The ghost of Shayle the Fighter, a journeyman OgWr of Makhleb (D:11)
  2 boulder beetles
  A hydra (D:8)
  4 two-headed ogres
  A tengu warrior (D:13)
  Pikel (D:7)
  An ugly thing (D:12)
  2 cyclopes (D:11)
  2 manticores (D:11)
  An ice statue (D:11)
  3 gargoyles
  3 unseen horrors
  Maggie (D:7)
  2 centaur skeletons (D:13)
  A freezing wraith (D:12)
  2 komodo dragons
  3 hornets
  8 trolls
  3 slime creatures (D:13)
  A shadow (D:10)
  2 wyverns
  2 wraiths
  A hog (D:11)
  11 yaks
  A water elemental (D:11)
  Menkaure (D:4)
  2 acid dragons
  19 ice beasts
  7 orc warriors
  2 necrophages (D:6)
  A sky beast (D:5)
  6 wolves (D:11)
  2 centaurs
  3 lemures (D:7)
  3 kobold brigands
  3 bullfrogs
  A scorpion (D:6)
  5 gnoll sergeants (D:9)
  2 water moccasin zombies (Ossuary)
  A water moccasin skeleton (D:7)
  10 killer bees
  3 howler monkeys (D:8)
  6 electric eels (D:11)
  4 wights (D:7)
  4 centaur zombies (D:9)
  2 jellies (D:6)
  4 gnoll shamans (D:9)
  6 orc priests
  7 hounds
  2 iguanas
  Jessica (D:3)
  8 orc wizards
  2 killer bee zombies (D:7)
  A hound skeleton (D:4)
  2 mummies (Ossuary)
  A howler monkey zombie (D:8)
  8 adders
  22 gnolls
  A river rat (Sewer)
  2 shadow imps
  A white imp (D:6)
  An ufetubus (D:6)
  3 adder zombies (Ossuary)
  4 dart slugs
  A worm (D:2)
  40 orcs
  7 ball pythons
  4 endoplasms
  4 giant cockroaches
  A gnoll zombie (Ossuary)
  8 goblins
  16 hobgoblins
  11 jackals
  A quokka (D:3)
  A bat (D:1)
  2 frilled lizards
  3 hobgoblin zombies (Ossuary)
  37 kobolds
  4 kobold zombies (Ossuary)
  9 orc zombies (Ossuary)
  9 rats
  2 fulminant prisms
  A toadstool (D:5)
384 creatures vanquished.

Vanquished Creatures (others)
  49 fulminant prisms
  2 plants (D:7)
  3 toadstools (D:5)
54 creatures vanquished.

Grand Total: 438 creatures vanquished

Notes
Turn   | Place    | Note
-------+----------+-------------------------------------------
     0 | D:1      | miscthings the Djinni Conjurer began the quest for the Orb.
     0 | D:1      | Reached XP level 1. HP: 15/15 MP: 0/0
   271 | D:1      | Reached XP level 2. HP: 16/21 MP: 0/0
   869 | D:2      | Reached XP level 3. HP: 17/25 MP: 0/0
   869 | D:2      | Learned a level 1 spell: Summon Small Mammal
  1018 | D:2      | Found a glowing silver altar of Zin.
  1023 | D:2      | Reached skill level 4 in Spellcasting
  1703 | D:3      | Noticed Jessica
  1710 | D:3      | Killed Jessica
  1711 | D:3      | Reached XP level 4. HP: 25/31 MP: 0/0
  2090 | D:3      | Reached XP level 5. HP: 27/35 MP: 0/0
  2090 | D:3      | Learned a level 2 spell: Wereblood
  2099 | D:3      | Reached skill level 5 in Spellcasting
  2352 | D:3      | Reached XP level 6. HP: 29/40 MP: 0/0
  3138 | D:4      | Found an iron altar of Okawaru.
  3140 | D:4      | Noticed Menkaure
  3148 | D:4      | Killed Menkaure
  3149 | D:4      | Reached skill level 6 in Spellcasting
  3149 | D:4      | Reached XP level 7. HP: 38/45 MP: 0/0
  3149 | D:4      | Learned a level 3 spell: Lesser Beckoning
  3479 | D:5      | Entered Level 5 of the Dungeon
  3784 | D:5      | Found a staircase to the Ecumenical Temple.
  3876 | Temple   | Entered the Ecumenical Temple
  4270 | D:6      | Reached skill level 7 in Spellcasting
  4447 | D:6      | Found a glowing drain.
  4457 | D:6      | Reached XP level 8. HP: 45/50 MP: 0/0
  4458 | Sewer    | Entered a sewer
  4552 | Sewer    | Found a white marble altar of Elyvilon.
  4908 | D:6      | Noticed a komodo dragon
  4918 | D:6      | Killed a komodo dragon
  4919 | D:6      | Reached skill level 8 in Spellcasting
  5125 | D:6      | Identified the +4 ring mail "Majywi" {Contam Harm rN++
                  | Dex+4}
  5197 | D:6      | Noticed a yak
  5197 | D:6      | Noticed a yak
  5199 | D:6      | Noticed a yak
  5203 | D:6      | Killed a yak
  5203 | D:6      | Killed a yak
  5204 | D:6      | Reached skill level 9 in Spellcasting
  5204 | D:6      | Reached XP level 9. HP: 42/55 MP: 0/0
  5204 | D:6      | Learned a level 4 spell: Olgreb's Toxic Radiance
  5475 | D:7      | Found a transporter.
  5475 | D:7      | Found a transporter.
  5486 | D:7      | Noticed a deep elf pyromancer
  5500 | D:7      | Noticed an oklob plant
  5500 | D:7      | Noticed a boulder beetle
  5530 | D:7      | Found Naiggud's General Store.
  5540 | D:7      | Bought a scroll of fear for 49 gold pieces
  5542 | D:7      | Found a stormy altar of Qazlal.
  5542 | D:7      | Found a glowing golden altar of the Shining One.
  5543 | D:7      | Found a hide-covered altar of Uskayaw.
  5602 | D:7      | Noticed Pikel
  5607 | D:7      | Killed Pikel
  5608 | D:7      | Reached skill level 10 in Spellcasting
  5658 | D:7      | Noticed a hornet
  5671 | D:7      | Noticed Maggie
  5691 | D:7      | Noticed a cyclops
  5697 | D:7      | Noticed MikuNakano's ghost (novice VSFi)
  5716 | D:7      | Reached XP level 10. HP: 38/60 MP: 0/0
  5744 | D:7      | Found a sand-covered staircase.
  5778 | Ossuary  | Entered an ossuary
  6085 | D:7      | Killed Maggie
  6086 | D:7      | Reached skill level 11 in Spellcasting
  6622 | D:8      | Noticed a boulder beetle
  6633 | D:8      | Killed a boulder beetle
  6634 | D:8      | Reached skill level 1 in Fighting
  6634 | D:8      | Reached skill level 1 in Armour
  6634 | D:8      | Reached skill level 1 in Evocations
  6956 | D:8      | Noticed a seven-headed hydra
  6969 | D:8      | Killed a seven-headed hydra
  7483 | D:8      | Found Xeudex's Distillery.
  7492 | D:8      | Bought a potion of brilliance for 56 gold pieces
  7569 | D:9      | Noticed a two-headed ogre
  7576 | D:9      | Reached XP level 11. HP: 44/70 MP: 0/0
  7576 | D:9      | Learned a level 5 spell: Irradiate
  7578 | D:9      | Killed a two-headed ogre
  7579 | D:9      | Reached skill level 1 in Shields
  7898 | D:9      | Reached skill level 5 in Dodging
  8726 | D:9      | Found a basalt altar of Yredelemnul.
  8794 | D:10     | Entered Level 10 of the Dungeon
  9417 | D:10     | Found a transporter.
  9421 | D:10     | Found a burning altar of Makhleb.
  9422 | D:10     | Noticed a centaur warrior
  9424 | D:10     | Found a transporter.
  9425 | D:10     | Noticed a four-headed hydra
  9425 | D:10     | Noticed a phantasmal warrior
  9708 | D:11     | Noticed Sonja
  9708 | D:11     | Noticed a cyclops
  9711 | D:11     | Noticed Sonja
  9711 | D:11     | Sonja changed into Sonja the hog
  9714 | D:11     | Killed Sonja the hog
  9717 | D:11     | Killed a cyclops
  9732 | D:11     | Reached skill level 12 in Spellcasting
  9732 | D:11     | Noticed a two-headed ogre
  9734 | D:11     | Reached XP level 12. HP: 37/80 MP: 0/0
  9738 | D:11     | Reached skill level 5 in Fighting
  9739 | D:11     | Killed a two-headed ogre
  9740 | D:11     | Reached skill level 5 in Evocations
 10030 | D:11     | Noticed Shayle's ghost (journeyman OgWr)
 10030 | D:11     | Found a large runed translucent door.
 10030 | D:11     | Found a large runed translucent door.
 10348 | D:11     | Reached skill level 5 in Shields
 10662 | D:11     | Found a staircase to the Lair.
 10665 | D:11     | You are sucked into a shaft and drop 2 floors!
 10668 | D:13     | Noticed a tengu warrior
 10673 | D:13     | Killed a tengu warrior
 10677 | D:13     | Noticed a two-headed ogre
 10684 | D:13     | Killed a two-headed ogre
 10830 | D:12     | Noticed a two-headed ogre
 10836 | D:12     | Killed a two-headed ogre
 10905 | D:12     | Found a staircase to the Orcish Mines.
 10909 | D:12     | Noticed a boulder beetle
 10920 | D:12     | Killed a boulder beetle
 10942 | D:12     | Found the +9 staff of Wucad Mu {*channel}
 11078 | D:12     | Found a flagged portal.
 11156 | D:12     | Reached XP level 13. HP: 88/89 MP: 0/0
 11156 | D:12     | Learned a level 5 spell: Yara's Violent Unravelling
 11175 | Bailey   | Entered a bailey
 11259 | Bailey   | Identified the +0 cloak "Muv Qoji" {rF+}
 12000 | D:11     | Killed Shayle's ghost
 12336 | D:11     | Noticed a frost giant
 12348 | D:11     | Killed from afar by a frost giant

Illustrated notes

Levels and vault maps discovered:
D:1:      saegor_arrival_simple_a, layout_loops_corners,
          chequers_serial_rivers_micro_d
D:2:      layout_loops_ring, basic_altar, kennysheep_generic_room_16
D:3:      layout_rooms, kennysheep_generic_room_15, uniq_jessica
D:4:      layout_basic, lemuel_crystal_altar, uniq_menkaure
D:5:      layout_cave_pools, mainiacjoe_overflow_alcove_1,
          minmay_temple_entry_stoned_glass, minmay_gold_behind_fungi
D:6:      layout_basic, cheibrodos_sewer_entry_drain
D:7:      layout_cave_pools, gammafunk_temple_overflow_forgotten,
          nzn_ghost_randoct, serial_shops,
          nicolae_shop_competitors_out_of_business,
          nicolae_ossuary_entry_monument, hangedman_glass_teeth,
          minmay_hedge_maze, uniq_maggie, uniq_pikel
D:8:      layout_basic, serial_shops, nicolae_lakefront_shop, minmay_holes
D:9:      layout_big_octagon, lemuel_zombie_altar_yredelemnul,
          serial_gnoll_camp, gnoll_camp_huts_basic, gnoll_camp_mini_basic,
          gnoll_camp_mini_sergeant, gnoll_camp_mini_house, gnoll_camp_mini_hut,
          gnoll_camp_mini_hut
D:10:     layout_cave_pools, gammafunk_temple_overflow_arena
D:11:     minmay_twisted_water, layout_basic, erik_lair_island,
          ebering_ghost_disaster_area, uniq_sonja
D:12:     layout_stronghold, orc_0_dummy, enter_bailey_8
D:13:     hangedman_screamer, layout_long_grid, enter_trove_0
Temple:   regret_index_temple_waves

Skill      XL: |  1  2  3  4  5  6  7  8  9 10 11 12 13 |
---------------+----------------------------------------+-----
Spellcasting   | 4 5 6 7 9 10 11 12 | 12.6
Fighting       | 2 4 6 7 |  7.4
Armour         | 2 3 |  3.0
Evocations     | 2 4 6 7 |  7.4
Dodging        | 4 6 7 8 |  8.6
Shields        | 4 5 6 |  6.8
Stealth        | |  1.5

Action                   |  1- 3 |  4- 6 |  7- 9 | 10-12 | 13-15 || total
-------------------------+-------+-------+-------+-------+-------++-------
Melee: Staff             |     1 |     1 |    16 |     5 |     1 ||    24
       Unarmed           |     1 |       |       |       |       ||     1
 Cast: Magic Dart        |    14 |     6 |       |       |       ||    20
       Searing Ray       |    24 |    36 |    38 |    84 |    24 ||   206
       Iskenderun's Myst |       |       |    15 |    56 |    23 ||    94
       Fulminant Prism   |       |       |     6 |    33 |    13 ||    52
       Olgreb's Toxic Ra |       |       |       |    38 |     7 ||    45
       Irradiate         |       |       |       |     2 |       ||     2
Evoke: Wand              |       |       |       |     4 |     1 ||     5
  Use: Scroll            |       |       |     8 |    11 |     3 ||    22
       Potion            |       |       |     1 |       |       ||     1
Armor: Robe              |     2 |     6 |    10 |     3 |       ||    21
       Steam dragon scal |       |       |       |    10 |       ||    10
       Acid dragon scale |       |       |       |     8 |       ||     8
       Troll leather arm |       |       |       |     9 |    10 ||    19
Dodge: Dodged            |     9 |    17 |    18 |    62 |    19 ||   125
Block: Buckler           |       |       |       |    13 |     3 ||    16

Table legend: (Time is in decaauts)
 A = Elapsed time spent in this place.
 B = Non-inter-level travel time spent in this place.
 C = Inter-level travel time spent in this place.
 D = Time resting spent in this place.
 E = Time spent auto-exploring this place.
 F = Levels seen in this place.
 G = Mean time per level.
                   A        B        C        D        E       F      G
               +--------+--------+--------+--------+--------+-----+--------+
         Total |  12356 |  11777 |    579 |   3504 |   5652 |  17 |  726.8 |
       Dungeon |  11711 |  11139 |    572 |   3330 |   5459 |  13 |  900.8 |
        Temple |    119 |    113 |      6 |      0 |     85 |   1 |  119.0 |
         Sewer |    125 |    125 |      0 |      0 |     78 |   1 |  125.0 |
       Ossuary |    282 |    282 |      0 |    174 |     30 |   1 |  282.0 |
        Bailey |    116 |    116 |      0 |      0 |      0 |   1 |  116.0 |
               +--------+--------+--------+--------+--------+-----+--------+

Top non-repeatable levels by time:
     D:2: 1381 daAuts
    D:10: 1372 daAuts
     D:8: 1207 daAuts
     D:9: 1198 daAuts
     D:6: 1181 daAuts
    D:12: 1098 daAuts
     D:1: 853 daAuts
     D:7: 841 daAuts
     D:3: 703 daAuts
    D:11: 669 daAuts
     D:5: 568 daAuts
     D:4: 541 daAuts
 Ossuary: 282 daAuts
   Sewer: 125 daAuts
  Temple: 119 daAuts
